 Dungeon Crawl Stone Soup version 0.20.1-1-g8b1a95d (webtiles) character file.

425927 equalderp2856 the Hoplite (level 22, -22/213 HPs)
             Began as a Minotaur Fighter on Aug 16, 2017.
             Killed from afar by a frost giant (32 damage)
             ... with a bolt of cold
             ... on level 5 of the Vaults.
             The game lasted 08:46:44 (117062 turns).

equalderp2856 the Hoplite (Minotaur Fighter)      Turns: 117062, Time: 08:46:45

Health: -22/213    AC: 27    Str: 22    XL:     22   Next: 74%
Magic:  30/30      EV: 12    Int:  9    God:
Gold:   3874       SH: 27    Dex: 15    Spells: 18/33 levels left

rFire    + + +     SeeInvis +   A - +10 hand crossbow "Ucag" {velocity, rF+ Stlth+}
rCold    . . .     Gourm    .   x - +2 large shield
rNeg     . . .     Faith    .   B - +1 plate armour {rF+}
rPois    .         Spirit   .   I - +0 mask of the Dragon {MR+ Slay+3 SInv}
rElec    .         Reflect  .   e - scarf {repulsion}
rCorr    .         Harm     .   W - +1 pair of gloves
MR       ++...                  X - +0 pair of boots
Stlth    ..........             R - amulet of regeneration
Regen    0.9/turn               q - +3 ring of protection
MPRegen  0.3/turn               T - ring of protection from fire

@: about to teleport, very slightly contaminated, studying Short Blades,
invisible, repel missiles
A: retaliatory headbutt, horns 2
}: 2/15 runes: barnacled, gossamer
a: no special abilities


You were on level 5 of the Vaults.
You were hungry.

You visited 6 branches of the dungeon, and saw 36 of its levels.
You also visited: Labyrinth, Bailey, Ice Cave and Volcano.

You collected 3925 gold pieces.
You spent 51 gold pieces at shops.

Inventory:

Hand Weapons
 a - a +2 triple crossbow of freezing
 n - the +5 trident of Res Nullius {protect, rN+ Str+3}
   (You took it off a merfolk javelineer on level 4 of the Shoals)

   It protects the one who uses it against injury (+AC on strike).
   It affects your strength (+3).
   It protects you from negative energy.
 A - the +10 hand crossbow "Ucag" (weapon) {velocity, rF+ Stlth+}
   (You took it off a minotaur in a labyrinth)

   Any bolt fired from it inflicts extra damage.
   It protects you from fire.
   It makes you more stealthy.
 C - a +4 battleaxe of flaming
 K - a +3 arbalest of flaming
 N - a +3 broad axe of flaming
Missiles
 h - 721 bolts (quivered)
Armour
 e - a scarf of repulsion (worn)
 x - a +2 large shield (worn)
 B - a +1 plate armour of fire resistance (worn)
 D - a scarf of cloud immunity
 E - a +2 robe of magic resistance
 I - the +0 mask of the Dragon (worn) {MR+ Slay+3 SInv}
   (You found it on level 6 of the Lair of Beasts)

   It affects your accuracy and damage with ranged weapons and melee attacks
   (+3).
   It affects your resistance to hostile enchantments.
   It lets you see invisible.
 J - the +7 chain mail "Ejolecw" {Str+4}
   (You found it on level 2 of the Spider Nest)

   It affects your strength (+4).
 W - a +1 pair of gloves (worn)
 X - a +0 pair of boots (worn)
Jewellery
 q - a +3 ring of protection (left hand)
 r - a +5 ring of strength
 s - an uncursed ring of protection from magic
 y - an uncursed ring of poison resistance
 L - an uncursed ring of flight
 P - an uncursed ring of protection from cold
 R - an amulet of regeneration (around neck)
 T - a ring of protection from fire (right hand)
Wands
 w - a wand of confusion (30/48)
 z - a wand of digging (4/24)
 H - a wand of disintegration (10/24)
 Z - a wand of acid (12/15)
Scrolls
 c - 10 scrolls of identify
 d - a scroll of immolation
 j - 8 scrolls of teleportation
 t - a scroll of fog
 u - 13 scrolls of remove curse
 Q - 4 scrolls of fear
Potions
 b - 5 potions of cancellation
 g - 5 potions of agility
 i - 9 potions of curing
 k - 4 potions of ambrosia
 v - 3 potions of haste
 F - 3 potions of resistance
 G - a potion of heal wounds
 M - 4 potions of might
 V - 3 potions of berserk rage
 Y - a potion of flight
Books
 m - a book of Callings

   Spells                             Type                      Level
   a - Summon Small Mammal            Summoning                    1
   b - Call Imp                       Summoning                    2
   c - Call Canine Familiar           Summoning                    3
   d - Summon Guardian Golem          Hexes/Summoning              3
   e - Summon Lightning Spire         Summoning/Air                4
   f - Summon Ice Beast               Ice/Summoning                4
 U - a manual of Short Blades
Miscellaneous
 p - 2 sacks of spiders
Comestibles
 f - 3 bread rations
 o - 4 meat rations


   Skills:
 + Level 21.3 Fighting
 + Level 22.7(22.9) Axes
 + Level 4.4(16.1) Polearms
 + Level 7.8 Crossbows
 + Level 18.6 Armour
 + Level 9.2 Dodging
 + Level 4.1 Stealth
 + Level 23.7 Shields
 - Level 6.2 Spellcasting
 + Level 0.3 Hexes
 + Level 0.7 Charms
 + Level 8.4 Translocations
 + Level 3.9 Evocations


You had 18 spell levels left.
You knew the following spells:

 Your Spells              Type           Power        Failure   Level  Hunger
a - Animate Skeleton      Necr           N/A          88%         1    None
b - Confusing Touch       Hex            #.....       85%         1    None
c - Regeneration          Chrm/Necr      #.........   99%         3    ###....
d - Pain                  Necr           #...         88%         1    None
e - Blink                 Tloc           N/A          9%          2    ##.....
f - Swiftness             Chrm/Air       #.......     94%         2    ##.....
g - Shroud of Golubria    Chrm/Tloc      ##........   38%         2    ##.....
h - Corona                Hex            #......      85%         1    None
i - Slow                  Hex            #.......     94%         2    ##.....


Dungeon Overview and Level Annotations

Branches:
Dungeon (15/15)            Temple (0/1) D:6            Lair (6/6) D:11
 Shoals (4/4) Lair:3       Spider (4/4) Lair:2        Slime (0/5) Lair:5
    Orc (2/2) D:11            Elf (0/3) Orc:2        Vaults (5/5) D:14
  Crypt (0/3) Vaults:2     Depths (0/5) D:15

Altars:
Cheibriados
Dithmenos
Makhleb
Okawaru
Qazlal
Ru
Sif Muna
Trog
Vehumet
Yredelemnul
The Shining One
Beogh

Shops:
D:13 }   D:14 [   Orc:2 ([=[}   Vaults:2 (   Vaults:3 *

Annotations:
Vaults:3 exclusion: obsidian statue
Vaults:5 markt42's ghost, veteran GrFi


Innate Abilities, Weirdness & Mutations

You reflexively headbutt those who attack you in melee.
You have a pair of horns on your head.


Message History

The frost giant shouts!
The frost giant moves out of view.
Press: ? - help, v - describe, . - travel
Here: a frost giant, wielding a battleaxe of freezing The floor.
Unknown command.
Okay, then.
You block the frost giant's attack. You block the frost giant's attack.
The frost giant points at you and mumbles some strange words.
The bolt of cold misses you. The frost giant casts a spell at you.
The bolt of cold hits you!
* * * LOW HITPOINT WARNING * * *
As you read the scroll of teleportation, it crumbles to dust.
You feel strangely unstable.
You are no longer corroded.
The frost giant gestures at you while chanting.
The bolt of cold hits you!
You die...

#################
#.....D..........
#.....C..@.......
#...C############
#.......####..
#..#..........
#..#.......... #.
##D........ #.
#.C....... #
#.........
#."......#


You could see a shadow dragon and 2 frost giants.

Vanquished Creatures
  Mara (Spider:4)
  Nikola (Shoals:3)
  Arachne (Spider:2)
  A tentacled monstrosity (Vaults:5)
  The ghost of bgiannan the Severer, an adept GrFi of the Shining One (Vaults:1)
  The ghost of KobiteSteele the Severer, an adept HuGl of Okawaru (Spider:4)
  An acid blob (Lair:5)
  Gastronok (Orc:1)
  Polyphemus (Shoals:2)
  A kraken (Shoals:3)
  4 sphinxes
  Ilsuiw (Shoals:4)
  Donald (Shoals:3)
  2 tengu reavers
  Roxanne (Shoals:1)
  2 fire giants
  3 ghost moths (Spider:4)
  An orc warlord (Orc:1)
  6 emperor scorpions
  6 frost giants
  2 deep elf sorcerers (Vaults:1)
  11 vault wardens
  17 ironheart preservers
  5 stone giants
  10 very ugly things
  5 entropy weavers
  Azrael (Spider:3)
  3 deep elf demonologists
  3 deep elf annihilators
  Nessos (D:12)
  5 spark wasps
  6 dire elephants
  11 merfolk javelineers
  Snorg (D:11)
  9 merfolk impalers
  3 ettins
  2 fire dragons (Vaults:1)
  13 ogre magi
  A minotaur (Lab)
  3 deep elf death magi
  13 hydras
  34 vault guards
  3 rakshasas
  8 yaktaur captains
  3 ice dragons
  An anaconda (Lair:6)
  2 catoblepae
  52 two-headed ogres
  19 centaur warriors
  4 merfolk aquamancers
  4 death knights
  A dancing weapon (Vaults:3)
  2 merfolk avatars (Shoals:2)
  2 alligator snapping turtles
  8 death yaks
  2 satyrs
  2 deep troll shamans
  Urug (Lair:4)
  7 deep elf knights
  A fire crab (Volcano)
  7 hell knights (D:10)
  17 skeletal warriors
  2 unseen horrors
  A shadow wraith (Vaults:2)
  14 deep trolls
  A flayed ghost (Vaults:2)
  4 wizards
  17 sea snakes
  2 phantasmal warriors (Vaults:2)
  9 deep elf archers
  A lindwurm (Volcano)
  20 orc knights
  7 necromancers
  2 harpies (shapeshifter)
  20 harpies
  3 wolf spider zombies (D:15)
  10 ironbrand convokers
  15 deep elf magi
  40 wolf spiders
  24 orb spiders
  11 orc sorcerers
  39 ugly things
  4 centaur zombies
  4 oklob plants (Lair:5)
  Maurice (D:11)
  20 cyclopes
  18 manticores
  18 fauns
  3 moths of wrath
  8 black mambas
  9 merfolk sirens
  5 elephants (Lair:6)
  2 stone giant skeletons
  10 vault sentinels
  A naga mage (D:15)
  2 ice statues (IceCv)
  A black mamba (shapeshifter) (D:14)
  Psyche (D:10)
  3 torpor snails
  10 water nymphs
  2 gargoyles
  14 spiny frogs
  A kobold demonologist (D:14)
  27 yaktaurs
  5 centaur skeletons
  14 komodo dragons
  A storm dragon simulacrum (D:11)
  3 freezing wraiths
  7 rime drakes
  26 demonic crawlers
  A troll (shapeshifter) (Vaults:1)
  33 merfolk
  6 ice devils (IceCv)
  6 meliai
  5 polar bears
  A queen bee (shapeshifter) (Vaults:4)
  14 trolls
  32 jumping spiders
  11 snapping turtles
  12 wind drakes
  11 hornets
  8 dream sheep
  Grinder (D:3)
  21 hippogriffs
  42 blink frogs
  25 slime creatures
  Prince Ribbit (D:7)
  2 stone giant simulacra
  A vampire (D:11)
  A spriggan (shapeshifter) (D:15)
  A shadow (Vaults:2)
  A spriggan (D:7)
  11 water elementals
  A yak (shapeshifter) (Vaults:3)
  A human (shapeshifter) (Vaults:3)
  107 redbacks
  3 wraiths
  8 wyverns
  37 tarantellas
  8 fire bats (Volcano)
  3 fire elementals
  A steam dragon (Lair:3)
  53 yaks
  Grum (D:11)
  6 hungry ghosts
  5 basilisks
  15 wargs
  A soldier ant (D:12)
  13 hell hounds
  5 acid dragons
  22 water moccasins
  11 porcupines
  Duvessa (D:7)
  A swamp drake (D:11)
  53 orc warriors
  A black bear (shapeshifter) (Vaults:2)
  6 sky beasts
  6 ice beasts
  2 human zombies (Vaults:1)
  2 phantoms
  3 black bears
  An eye of draining (D:15)
  A hornet zombie (D:13)
  6 wolves
  9 boggarts
  34 ogres
  37 centaurs
  21 crocodiles
  4 big kobolds
  21 bullfrogs
  2 human skeletons
  2 earth elementals (Lab)
  A wyvern zombie (D:9)
  A glowing shapeshifter simulacrum (Vaults:4)
  Dowan (D:7)
  A scorpion (shapeshifter) (Vaults:2)
  5 scorpions
  2 water moccasin skeletons (D:11)
  An elf simulacrum (Vaults:4)
  2 human simulacra
  A troll skeleton (Lab)
  12 wights
  4 howler monkeys
  4 spriggan skeletons (Lab)
  An electric eel (D:15)
  10 crimson imps
  A bullfrog zombie (D:7)
  7 jellies
  10 hounds
  Crazy Yiuf (D:7)
  9 iguanas
  32 orc priests
  4 bullfrog skeletons
  35 orc wizards
  14 worker ants
  A killer bee zombie (D:6)
  2 hound skeletons
  Robin (D:4)
  2 howler monkey skeletons
  4 gnolls
  19 adders
  A river rat (Lair:5)
  2 shadow imps
  8 white imps (IceCv)
  8 ufetubi (IceCv)
  2 oozes
  3 adder skeletons
  An adder zombie (D:6)
  4 worms
  5 dart slugs
  4 leopard geckos
  142 orcs
  A ball python (D:4)
  8 bats
  14 giant cockroaches
  22 goblins
  9 hobgoblins
  22 jackals
  5 quokkas
  5 frilled lizards
  28 kobolds
  2 leopard gecko skeletons
  A quokka skeleton (D:6)
  3 rats
  17 fungi
  28 plants
  3 tentacles (Shoals:3)
2101 creatures vanquished.

Vanquished Creatures (others)
  A reaper (IceCv)
  A deep elf mage (Vaults:3)
  A worker ant (D:14)
  2 white imps (IceCv)
  4 ufetubi (IceCv)
  A bush (Lair:6)
  27 fungi
  21 plants
  8 tentacles (Shoals:3)
66 creatures vanquished.

Grand Total: 2167 creatures vanquished

Notes
Turn   | Place    | Note
-------+----------+-------------------------------------------
     0 | D:1      | equalderp2856 the Minotaur Fighter began the quest for the Orb.
     0 | D:1      | Reached XP level 1. HP: 19/19 MP: 0/0
    29 | D:1      | Reached XP level 2. HP: 26/27 MP: 1/1
   148 | D:1      | Reached XP level 3. HP: 21/33 MP: 2/2
   989 | D:2      | Reached skill level 4 in Shields
   998 | D:2      | Reached XP level 4. HP: 41/41 MP: 3/3
  1332 | D:2      | Found a burning altar of Makhleb.
  1631 | D:3      | Reached XP level 5. HP: 23/47 MP: 4/4
  2027 | D:4      | Reached skill level 1 in Dodging
  2108 | D:4      | Noticed Robin
  2126 | D:4      | Killed Robin
  2212 | D:4      | Reached skill level 5 in Axes
  2245 | D:4      | Reached skill level 5 in Armour
  2245 | D:4      | Reached XP level 6. HP: 23/55 MP: 5/5
  2498 | D:4      | Found a stormy altar of Qazlal.
  2602 | D:4      | Found a radiant altar of Vehumet.
  3270 | D:3      | Noticed Grinder
  3270 | D:3      | Paralysed by Grinder for 3 turns
  3584 | D:5      | Entered Level 5 of the Dungeon
  3584 | D:5      | Noticed a two-headed ogre
  3611 | D:5      | Found an iron altar of Okawaru.
  3640 | D:5      | Found a stormy altar of Qazlal.
  3728 | D:5      | Reached skill level 5 in Fighting
  4336 | D:5      | Reached XP level 7. HP: 55/61 MP: 6/6
  4502 | D:5      | HP: 3/61 [poisoned by an adder]
  4507 | D:5      | HP: 3/91 [poisoned by an adder]
  4514 | D:5      | HP: 3/91 [poisoned by an adder]
  4521 | D:5      | HP: 3/91 [poisoned by an adder]
  4971 | D:6      | Learned a level 1 spell: Animate Skeleton
  4973 | D:6      | Learned a level 1 spell: Confusing Touch
  5135 | D:6      | Found a glowing golden altar of the Shining One.
  5389 | D:6      | Reached skill level 5 in Shields
  5436 | D:6      | Learned a level 3 spell: Regeneration
  5438 | D:6      | Learned a level 1 spell: Pain
  5521 | D:6      | Found a staircase to the Ecumenical Temple.
  6160 | D:7      | Noticed Duvessa
  6161 | D:7      | Noticed Dowan
  6472 | D:7      | Killed Duvessa
  6472 | D:7      | Reached skill level 1 in Stealth
  6472 | D:7      | Reached XP level 8. HP: 57/70 MP: 7/7
  6621 | D:7      | Killed Dowan
  7443 | D:7      | Found a snail-covered altar of Cheibriados.
  7446 | D:7      | Noticed Prince Ribbit
  7457 | D:7      | Killed Prince Ribbit
  7457 | D:7      | Reached skill level 6 in Shields
  7586 | D:7      | Found a runed door.
  7625 | D:8      | Noticed a purple ugly thing
  7626 | D:8      | Reached skill level 1 in Evocations
  7642 | D:8      | Killed a purple ugly thing
  7642 | D:8      | Reached XP level 9. HP: 71/78 MP: 8/8
  8475 | D:3      | Reached skill level 7 in Shields
  8559 | D:3      | Killed Grinder
  8559 | D:3      | Reached skill level 10 in Axes
  8912 | D:3      | Found a basalt altar of Yredelemnul.
  8912 | D:3      | Found a sacrificial altar of Ru.
  9661 | D:5      | Killed a two-headed ogre
 10173 | D:8      | Reached XP level 10. HP: 86/86 MP: 10/10
 10192 | D:8      | Noticed a two-headed ogre
 10206 | D:8      | Killed a two-headed ogre
 10338 | D:8      | Learned a level 2 spell: Blink
 10473 | D:8      | Found a deep blue altar of Sif Muna.
 10721 | D:9      | Reached skill level 8 in Shields
 10930 | D:9      | Found a snail-covered altar of Cheibriados.
 11620 | D:8      | Reached skill level 10 in Armour
 12441 | D:10     | Entered Level 10 of the Dungeon
 12682 | D:10     | Noticed a two-headed ogre
 12694 | D:10     | Killed a two-headed ogre
 12694 | D:10     | Reached XP level 11. HP: 47/97 MP: 11/11
 12748 | D:10     | Noticed a two-headed ogre
 12870 | D:10     | Noticed a two-headed ogre
 12878 | D:10     | Killed a two-headed ogre
 12895 | D:10     | Noticed a brown ugly thing
 12908 | D:10     | Killed a brown ugly thing
 13019 | D:10     | Killed a two-headed ogre
 13019 | D:10     | Reached skill level 9 in Shields
 13096 | D:10     | Found a flagged portal.
 13118 | Bailey   | Entered a bailey
 13768 | Bailey   | Found a bloodstained altar of Trog.
 14144 | D:10     | Killed an unseen horror
 14283 | D:10     | Noticed Psyche
 14288 | D:10     | Killed Psyche
 14546 | D:11     | Noticed a centaur warrior
 14560 | D:11     | Killed a centaur warrior
 14560 | D:11     | Reached skill level 1 in Crossbows
 14707 | D:11     | Noticed a purple ugly thing
 14760 | D:11     | Killed a purple ugly thing
 14927 | D:11     | Found a staircase to the Lair.
 15072 | D:11     | Noticed Maurice
 15099 | D:11     | Killed Maurice
 15139 | D:11     | Found a staircase to the Orcish Mines.
 15161 | D:11     | Reached skill level 10 in Fighting
 15204 | D:11     | Noticed a death knight
 15216 | D:11     | Killed a death knight
 15494 | D:11     | Reached XP level 12. HP: 95/107 MP: 12/12
 15814 | D:11     | Noticed Snorg
 15849 | D:11     | Killed Snorg
 15952 | D:11     | Noticed Grum
 15959 | D:11     | Killed Grum
 16250 | D:11     | Noticed a two-headed ogre
 16257 | D:11     | Killed a two-headed ogre
 16391 | Lair:1   | Entered Level 1 of the Lair of Beasts
 16536 | Lair:1   | Reached skill level 5 in Dodging
 16751 | Lair:1   | Noticed a five-headed hydra
 16786 | Lair:1   | Killed a five-headed hydra
 16786 | Lair:1   | Reached skill level 1 in Polearms
 16786 | Lair:1   | Reached skill level 10 in Shields
 17367 | Lair:1   | Reached skill level 15 in Axes
 19478 | Lair:2   | Reached XP level 13. HP: 100/117 MP: 13/13
 19525 | Lair:2   | Got a steaming steel ring
 19781 | Lair:2   | Found a hole to the Spider Nest.
 20190 | Lair:2   | You fall through a shaft!
 20341 | Lair:3   | Reached skill level 11 in Shields
 20357 | Lair:3   | Found a staircase to the Shoals.
 20444 | Lair:3   | Found a frozen archway.
 20476 | Lair:3   | Identified the ring of Xatzam {rCorr Str+3} (You found it on level 2 of the Lair of Beasts)
 20561 | IceCv    | Entered an ice cave
 20922 | IceCv    | Killed a reaper
 21365 | IceCv    | Identified Kiggyes's Catalogue of Cankerous Translocation
 22225 | Lair:4   | Noticed Urug
 22535 | Lair:4   | Found a labyrinth entrance.
 22546 | Lab      | Entered a labyrinth
 24567 | Lab      | Noticed a minotaur
 24573 | Lab      | Killed a minotaur
 24680 | Lab      | Got an ancient flail {protect}
 24680 | Lab      | Got a twisted hand crossbow
 24684 | Lab      | Identified the +10 hand crossbow "Ucag" {velocity, rF+ Stlth+} (You took it off a minotaur in a labyrinth)
 24688 | Lab      | Got transparent swamp dragon scales
 24693 | Lab      | Identified the +9 flail of Hopyisee {protect, rC++ rN+++ MR- MP-9} (You took it off a minotaur in a labyrinth)
 24720 | Lab      | Identified the cursed +1 swamp dragon scales "Cimoan" {rPois rC+} (You took it off a minotaur in a labyrinth)
 25003 | Lair:4   | Killed Urug
 25660 | Lair:5   | Found a burning altar of Makhleb.
 25660 | Lair:5   | Found a staircase to the Slime Pits.
 25690 | Lair:5   | Identified the Disquisition on Transmigration and Venom
 25837 | Lair:5   | Found a dark tunnel.
 25863 | Volcano  | Entered a volcano
 26057 | Volcano  | Reached XP level 14. HP: 78/127 MP: 15/15
 27268 | Lair:6   | Entered Level 6 of the Lair of Beasts
 27722 | Lair:6   | Reached skill level 12 in Shields
 29160 | Lair:6   | Paralysed by fainting for 5 turns
 30668 | Lair:6   | Reached skill level 13 in Shields
 32223 | Lair:5   | Reached XP level 15. HP: 98/138 MP: 16/16
 32349 | Lair:6   | Reached skill level 1 in Translocations
 32352 | Lair:6   | Reached skill level 1 in Spellcasting
 32813 | Lair:6   | Identified Irudaipo's Almanac of Lightness and Transmigration
 32825 | Lair:6   | Learned a level 2 spell: Swiftness
 32858 | Lair:6   | Learned a level 2 spell: Shroud of Golubria
 33242 | Lair:1   | You fall through a shaft!
 34696 | D:12     | Noticed Nessos
 35573 | D:12     | Killed Nessos
 35728 | D:12     | Paralysed by fainting for 8 turns
 35753 | D:12     | Found a shadowy altar of Dithmenos.
 37123 | D:13     | Found Tebb's Gadget Boutique.
 38190 | D:14     | Found Godghunaa's Antique Armour Shoppe.
 38275 | D:14     | Reached skill level 5 in Translocations
 38661 | D:14     | Found a gate to the Vaults.
 38828 | D:14     | Reached skill level 5 in Spellcasting
 39274 | D:15     | Entered Level 15 of the Dungeon
 39851 | D:15     | Reached XP level 16. HP: 140/146 MP: 23/23
 40095 | D:15     | Found a bloodstained altar of Trog.
 40721 | D:15     | Found a staircase to the Depths.
 42598 | Lair:5   | Noticed an acid blob
 42608 | Lair:5   | Killed an acid blob
 45149 | Lair:4   | Paralysed by fainting for 8 turns
 46838 | D:7      | Noticed Crazy Yiuf
 46840 | D:7      | Killed Crazy Yiuf
 55238 | Orc:1    | Entered Level 1 of the Orcish Mines
 55238 | Orc:1    | Noticed Gastronok
 55260 | Orc:1    | Killed Gastronok
 56100 | Orc:2    | Entered Level 2 of the Orcish Mines
 56100 | Orc:2    | Found a staircase to the Elven Halls.
 56170 | Orc:2    | Found a roughly hewn altar of Beogh.
 56175 | Orc:2    | Found Oveixkoi's Gadget Boutique.
 56260 | Orc:2    | Found a roughly hewn altar of Beogh.
 56467 | Orc:2    | Found a roughly hewn altar of Beogh.
 56615 | Orc:2    | Found a roughly hewn altar of Beogh.
 56627 | Orc:2    | Found a roughly hewn altar of Beogh.
 56664 | Orc:2    | Found a roughly hewn altar of Beogh.
 56665 | Orc:2    | Found Melia's Armour Shoppe.
 56717 | Orc:2    | Found a roughly hewn altar of Beogh.
 56754 | Orc:2    | Found a roughly hewn altar of Beogh.
 56867 | Orc:2    | Found Catal's Jewellery Shop.
 56893 | Orc:2    | Found a roughly hewn altar of Beogh.
 57267 | Orc:2    | Found Mulecwoc's Antique Weapon Boutique.
 57268 | Orc:2    | Found a roughly hewn altar of Beogh.
 57269 | Orc:2    | Found Exkogami's Antique Armour Shop.
 58629 | Orc:2    | Reached XP level 17. HP: 154/154 MP: 25/25
 61837 | Shoals:1 | Entered Level 1 of the Shoals
 62574 | Shoals:1 | Noticed Roxanne
 62608 | Shoals:1 | Reached skill level 15 in Fighting
 63622 | Shoals:2 | Reached skill level 14 in Shields
 64099 | Shoals:1 | Reached skill level 15 in Armour
 65328 | Shoals:3 | Noticed Nikola
 65700 | Spider:1 | Entered Level 1 of the Spider Nest
 66707 | Spider:2 | Got a jade-studded chain mail
 66719 | Spider:2 | Identified the +7 chain mail "Ejolecw" {Str+4} (You found it on level 2 of the Spider Nest)
 67045 | Spider:2 | HP: 3/156 [jumping spider (12)]
 67423 | Spider:2 | Reached skill level 15 in Shields
 67742 | Spider:2 | Noticed Arachne
 68181 | Spider:2 | Killed Arachne
 69303 | Spider:3 | Reached XP level 18. HP: 151/166 MP: 26/26
 69422 | Spider:2 | Reached skill level 16 in Shields
 69586 | Spider:3 | Noticed Azrael
 69834 | Spider:3 | Killed Azrael
 70481 | Spider:4 | Entered Level 4 of the Spider Nest
 70486 | Spider:4 | Noticed KobiteSteele's ghost (adept HuGl)
 73341 | Spider:4 | Killed KobiteSteele's ghost
 73341 | Spider:4 | Reached skill level 17 in Shields
 73380 | Spider:4 | Noticed Mara
 73429 | Spider:4 | Noticed equalderp2856's illusion
 73649 | Spider:4 | Noticed equalderp2856's illusion
 74329 | Spider:4 | Noticed equalderp2856's illusion
 74465 | Spider:4 | Noticed equalderp2856's illusion
 74509 | Spider:4 | Killed Mara
 74509 | Spider:4 | Reached skill level 5 in Crossbows
 75781 | Spider:4 | Got a gossamer rune of Zot
 76390 | Spider:4 | Reached skill level 18 in Shields
 77865 | Shoals:3 | Noticed Polyphemus
 77872 | Shoals:2 | Reached XP level 19. HP: 154/177 MP: 27/27
 78418 | Shoals:2 | Killed Polyphemus
 78899 | Shoals:2 | Reached skill level 19 in Shields
 79121 | Shoals:3 | Killed Nikola
 79610 | Shoals:3 | Noticed Donald
 79625 | Shoals:3 | Killed Donald
 79767 | Shoals:4 | Entered Level 4 of the Shoals
 80759 | Shoals:4 | Noticed Ilsuiw
 80848 | Shoals:4 | Killed Ilsuiw
 81275 | Shoals:4 | Got a barnacled rune of Zot
 81331 | Shoals:4 | Reached skill level 20 in Shields
 82073 | Shoals:4 | Paralysed by fainting for 9 turns
 82727 | Lair:3   | Paralysed by fainting for 7 turns
 86322 | Shoals:4 | Got an ivory trident {protect}
 87758 | Shoals:1 | Identified the +5 trident of Res Nullius {protect, rN+ Str+3} (You took it off a merfolk javelineer on level 4 of the Shoals)
 92382 | Shoals:1 | Killed Roxanne
 92493 | Lair:4   | Paralysed by fainting for 6 turns
 93551 | Vaults:1 | Entered Level 1 of the Vaults
 93570 | Vaults:1 | Reached XP level 20. HP: 188/188 MP: 28/28
 93837 | Vaults:1 | Noticed bgiannan's ghost (adept GrFi)
 94765 | Vaults:1 | Killed bgiannan's ghost
 95379 | Vaults:1 | Paralysed by an orc sorcerer for 5 turns
 95957 | Vaults:1 | Reached skill level 21 in Shields
 96680 | Vaults:2 | Paralysed by a sphinx for 3 turns
 97348 | Vaults:2 | Found Joigamem's Weapon Emporium.
 97715 | Vaults:2 | Reached XP level 21. HP: 185/199 MP: 29/29
 97887 | Vaults:2 | Found a staircase to the Crypt.
 98952 | Vaults:3 | Reached skill level 22 in Shields
 99918 | Vaults:3 | Found Jijeawol's General Store.
 99926 | Vaults:3 | Bought a scroll of teleportation for 51 gold pieces
102322 | Lair:1   | Learned a level 1 spell: Corona
102325 | Lair:1   | Learned a level 2 spell: Slow
105727 | Vaults:2 | Reached XP level 22. HP: 191/211 MP: 30/30
106195 | Vaults:2 | Reached skill level 23 in Shields
113362 | Vaults:4 | Paralysed by fainting for 6 turns
116182 | Vaults:5 | Entered Level 5 of the Vaults
116192 | Vaults:5 | Noticed markt42's ghost (veteran GrFi)
117019 | Vaults:5 | HP: 6/213 [ettin/dire flail of venom (6)]
117061 | Vaults:5 | HP: 9/213 [frost giant/bolt of cold (44)]
117062 | Vaults:5 | Killed from afar by a frost giant

Skill      XL: |  1  2  3  4  5  6  7  8  9 10 11 12 13 14 15 16 17 18 19 20 21 22 |
---------------+-------------------------------------------------------------------+-----
Fighting       | 4 5 6 7 9 10 11 12 14 16 17 18 19 20 21 | 21.3
Armour         | 4 5 6 7 8 10 11 12 13 14 15 16 17 18 | 18.6
Axes           | 3 4 5 6 7 9 10 12 13 15 17 18 19 20 21 22 | 22.7
Shields        | 4 5 6 7 8 9 10 11 13 15 18 20 21 22 23 | 23.7
Dodging        | 1 2 4 5 6 7 8 9 |  9.2
Stealth        | 1 2 3 4 |  4.1
Evocations     | 1 2 3 |  3.9
Crossbows      | 1 4 6 7 |  7.8
Polearms       | 2 4 |  4.4
Translocations | 6 8 |  8.4
Spellcasting   | 5 6 |  6.2
Hexes          | |  0.3
Charms         | |  0.7

Action                   |  1- 3 |  4- 6 |  7- 9 | 10-12 | 13-15 | 16-18 | 19-21 | 22-24 || total
-------------------------+-------+-------+-------+-------+-------+-------+-------+-------++-------
Melee: War axe           |    82 |   146 |   345 |   383 |       |       |       |       ||   956
       Headbutt          |    11 |    19 |    63 |   181 |   370 |   456 |   514 |    87 ||  1701
       Broad axe         |       |       |       |   275 |  1217 |  1729 |  1628 |   276 ||  5125
       Trident           |       |       |       |    10 |    84 |    26 |       |       ||   120
       Battleaxe         |       |       |       |       |       |     2 |       |    28 ||    30
 Fire: Arbalest          |       |       |       |     7 |       |       |       |     3 ||    10
       Hand crossbow     |       |       |       |       |     2 |   127 |    44 |    13 ||   186
       Triple crossbow   |       |       |       |       |       |    44 |       |     5 ||    49
Throw: Stone             |       |       |       |       |       |     1 |       |       ||     1
 Cast: Blink             |       |       |       |       |    44 |    23 |    37 |       ||   104
       Shroud of Golubri |       |       |       |       |       |     5 |       |       ||     5
       Confusing Touch   |       |       |       |       |       |     1 |       |       ||     1
 Abil: Evoke Flight      |       |       |       |       |     1 |     8 |       |       ||     9
Evoke: Wand              |       |       |    15 |     2 |    22 |    38 |       |       ||    77
  Use: Potion            |       |     1 |     1 |     4 |     1 |     2 |       |     7 ||    16
       Scroll            |       |       |     7 |     9 |     9 |    11 |     1 |     7 ||    44
 Stab: Paralysed         |       |       |       |       |     4 |       |       |       ||     4
       Petrified         |       |       |       |       |       |       |     7 |       ||     7
       Distracted        |       |       |       |       |       |       |       |     1 ||     1
  Eat: Chunk             |       |     8 |    18 |    23 |    27 |    54 |    50 |    23 ||   203
       Royal jelly       |       |     1 |       |     3 |     2 |     3 |     2 |     2 ||    13
       Fruit             |       |       |     1 |     1 |       |       |     4 |       ||     6
       Bread ration      |       |       |       |       |    11 |     3 |     3 |     1 ||    18
       Meat ration       |       |       |       |       |       |    10 |     4 |     1 ||    15
Armor: Scale mail        |    37 |    98 |   103 |     1 |       |       |       |       ||   239
       Skin              |       |       |    13 |       |       |       |       |       ||    13
       Plate armour      |       |       |       |   121 |   252 |   180 |       |    71 ||   624
       Chain mail        |       |       |       |   145 |   185 |   656 |   512 |    16 ||  1514
       Swamp dragon scal |       |       |       |       |    45 |       |       |       ||    45
Dodge: Dodged            |    32 |    46 |   108 |   208 |   457 |   728 |   559 |    80 ||  2218
       Deflected         |       |       |       |       |       |       |    75 |    12 ||    87
Block: Shield            |    48 |    86 |   188 |   373 |   755 |  1380 |  1079 |       ||  3909
       Large shield      |       |       |       |       |       |       |   389 |   369 ||   758
